 Dungeon Crawl Stone Soup version bcrawl-1.19.1 (webtiles) character file.

Game seed: 7350544382124432020

50 Freyura the Chopper (level 3, 0/22 HPs)
             Began as a Skeleton Gladiator on Dec 8, 2019.
             Was an Initiate of Makhleb.
             Slain by a worm (7 damage)
             ... on level 2 of the Dungeon.
             The game lasted 00:04:51 (1340 turns).

Freyura the Chopper (Skeleton Gladiator)            Turns: 1340, Time: 00:04:52

Health: 0/22       AC:  4    Str: 20      XL:     3   Next: 55%
Magic:  0/3        EV: 13    Int:  5 (6)  God:    Makhleb [......]
Gold:   87         SH:  0    Dex: 11      Spells: 2/2 levels left

rFire    . . .     SeeInvis .   a - +1 war axe
rCold    + . .     Gourm    .   (no shield)
rNeg     + + +     Faith    .   b - +0 leather armour
rPois    ∞         Spirit   +   c - +0 helmet
rElec    .         Reflect  .   (no cloak)
rCorr    +         Harm     .   (no gloves)
MR       .....                  (no boots)
Stlth    +.........             h - amulet of inaccuracy (curse)
HPRegen  0.07/turn              g - ring of resist corrosion
MPRegen  0.08/turn              (no ring)

@: no status effects
A: no food or potions, cold resistance 1, deterioration 1, negative energy
resistance 3, torment resistance, unbreathing, magic shield, sturdy frame 1,
spell healing
a: Renounce Religion


You were on level 2 of the Dungeon.
You worshipped Makhleb.
Makhleb was noncommittal.
You were not hungry.

You visited 1 branch of the dungeon, and saw 2 of its levels.

You collected 87 gold pieces.

Inventory:

Hand Weapons
 a - a +1 war axe (weapon)
Missiles
 d - 3 throwing nets (quivered) {!f}
Armour
 b - a +0 leather armour (worn)
 c - a +0 helmet (worn)
 i - a +0 cloak
Jewellery
 g - a ring of resist corrosion (left hand)
 h - a cursed amulet of inaccuracy (around neck)
Scrolls
 e - a scroll of enchant weapon
 f - a scroll of magic mapping {unknown}


   Skills:
 + Level 2.5 Fighting
 * Level 4.5 Axes
 - Level 1.7 Throwing
 + Level 1.3 Armour
 + Level 3.3 Dodging
 + Level 0.0 Invocations


You had 2 spell levels left.
You didn't know any spells.
Your spell library was empty.

Dungeon Overview and Level Annotations

Branches:
Dungeon (2/12)

Altars:
Kikubaaqudgha
Makhleb


Innate Abilities, Weirdness & Mutations

You do not eat or drink.
You are immune to poison.
Your flesh is cold resistant. (rC+)
Your body sometimes deteriorates upon taking damage.
You are immune to negative energy. (rN+++)
You are immune to unholy pain and torment.
You can survive without breathing.
When hurt, damage is shared between your health and your magic reserves.
Your movements are slightly less encumbered by armour. (ER -2)
Casting spells heals you.


Message History

You slash the worm!
The worm is heavily wounded.
The worm bites you but does no damage.
You hit the worm.
The worm is almost dead.
You barely miss the worm.
The worm is almost dead.
The worm misses you.
You barely miss the worm.
The worm is severely wounded.
The worm misses you.
Unknown command.
You closely miss the worm.
The worm is severely wounded.
The worm misses you. The worm closely misses you.
You barely miss the worm.
The worm is severely wounded.
The worm bites you!
You die...

#.......# ..
#......# .
####.##.##.#
########..#
. #.......#
.......<.##
. ####.####
##########
##.#
#..######
#.#....)#
#.#####.#
###.### #@#
#3#_#3##(w.#
########...#
#2# #...#
### #...#
..... .....
.......


You could see a worm.

Vanquished Creatures
  An ooze (D:2)
  A dart slug (D:1)
  4 leopard geckos
  5 bats
  3 giant cockroaches
  5 hobgoblins
  7 kobolds
  A quokka (D:2)
  2 frilled lizards (D:1)
  5 goblins (D:1)
  2 rats (D:1)
36 creatures vanquished.

Notes
Turn   | Place    | Note
-------+----------+-------------------------------------------
     0 | D:1      | Freyura the Skeleton Gladiator began the quest for the Orb.
     0 | D:1      | Reached XP level 1. HP: 12/12 MP: 1/1
   158 | D:1      | Reached XP level 2. HP: 12/17 MP: 0/2
   314 | D:1      | Reached skill level 4 in Axes
   642 | D:1      | Reached skill level 1 in Armour
   849 | D:1      | Reached XP level 3. HP: 17/22 MP: 1/3
  1094 | D:2      | Found an ancient bone altar of Kikubaaqudgha.
  1308 | D:2      | Found a burning altar of Makhleb.
  1310 | D:2      | Noticed a cacodemon
  1314 | D:2      | Noticed a smoke demon
  1314 | D:2      | Noticed a neqoxec
  1316 | D:2      | Became a worshipper of Makhleb the Destroyer
  1340 | D:2      | Slain by a worm

Skill      XL: |  1  2 |
---------------+-------+-----
Axes           | 4 |  4.5
Armour         | 1 |  1.3
Fighting       | |  2.5
Throwing       | |  1.7
Dodging        | |  3.3

Action                   || total
-------------------------++-------
Melee: War axe           ||   137
  Use: Scroll            ||     3
Armor: Leather armour    ||    51
Dodge: Dodged            ||   119
